 Dungeon Crawl Stone Soup version 0.28.0 (webtiles) character file.

Game seed: 17387932685125888994

89 Colgate the Conjurer (level 4, 0/30 HPs)
             Began as a Demonspawn Conjurer on Feb 16, 2022.
             Was a Follower of Sif Muna.
             Asphyxiated
             ... in a sewer.
             The game lasted 00:12:24 (3857 turns).

Colgate the Conjurer (Demonspawn Conjurer)          Turns: 3857, Time: 00:12:24

Health: 0/30       AC:  6    Str:  8    XL:     4   Next: 31%
Magic:  3/7        EV: 16    Int: 21    God:    Sif Muna [*.....]
Gold:   117        SH:  0    Dex: 11    Spells: 1/7 levels left

rFire   . . .      SeeInvis .   i - +0 hand axe
rCold   . . .      Faith    .   (no shield)
rNeg    . . .      Spirit   .   a - +1 robe
rPois   .          Reflect  .   f - +2 hat
rElec   .          Harm     .   d - +0 cloak
rCorr   .          Rampage  .   (no gloves)
Will    .....                   (no boots)
Stlth   +.........              (no amulet)
HPRegen 0.10/turn               n - +4 ring of evasion
MPRegen 0.10/turn               (no ring)

@: lethally poisoned (0 -> -18), slowed, very slow
A: antennae 1, hooves 1, ignite blood 1
a: Renounce Religion, Channel Magic


You were in a sewer.
You worshipped Sif Muna.
Sif Muna was aware of your devotion.
You visited 1 branch of the dungeon, and saw 3 of its levels.
You also visited: Sewer.

You collected 117 gold pieces.

Inventory:

Hand Weapons
 i - a +0 hand axe (weapon)
Missiles
 c - 16 stones
 p - 4 poisoned darts
Armour
 a - a +1 robe (worn)
 d - a +0 cloak (worn)
 f - a +2 hat (worn)
Jewellery
 n - a +4 ring of evasion (left hand)
Potions
 b - a potion of mutation
 e - a potion of lignification {unknown}
 g - 2 potions of curing
 o - a potion of heal wounds {unknown}


   Skills:
 - Level 1.7 Dodging
 - Level 1.7 Stealth
 - Level 2.0 Spellcasting
 + Level 5.8 Conjurations


You had one spell level left.
You knew the following spells:

 Your Spells              Type           Power      Damage    Failure   Level
a - Fulminant Prism       Conj/Hex       7%         3d7       41%         4
b - Searing Ray           Conj           52%        2d6       1%          2

Your spell library contained the following spells:

 Spells                   Type           Power      Damage    Failure   Level
 Magic Dart               Conj           100%       1d8       1%          1
 Foxfire                  Conj/Fire      56%        2x1d6     4%          1
 Animate Skeleton         Necr           4%         N/A       14%         1
 Apportation              Tloc           4%         N/A       14%         1
 Summon Small Mammal      Summ           8%         N/A       14%         1
 Conjure Flame            Conj/Fire      14%        6-21      13%         3
 Dazzling Flash           Conj/Hex       28%        N/A       13%         3
 Mephitic Cloud           Conj/Pois/Air  10%        N/A       21%         3
 Call Imp                 Summ           2%         N/A       22%         2
 Inner Flame              Hex/Fire       2%         N/A       41%         3
 Flame Wave               Conj/Fire      14%        2d6       41%         4
 Iskenderun's Mystic Bla  Conj/Tloc      14%        2d5       41%         4


Dungeon Overview and Level Annotations

Branches:
Dungeon (3/15)              Sewer (1/1)

Altars:
Sif Muna

Shops:
D:2 (:


Innate Abilities, Weirdness & Mutations

You have a pair of small antennae on your head.
You have large cloven feet.
Your demonic aura sometimes causes spilled blood to erupt in flames.


Message History

You hear a splash. (Press . to maintain the ray.)
You start resting.
Magic restored.
You start resting.
HP restored.
You start waiting.
A kobold brigand is nearby!
The kobold brigand shouts!
The kobold brigand throws a curare-tipped dart.
The curare-tipped dart closely misses you.
The searing ray hits the kobold brigand!
The kobold brigand is moderately wounded. (Press . to maintain the ray.)
The searing ray hits the kobold brigand.
The kobold brigand is heavily wounded.
The kobold brigand throws a curare-tipped dart.
The curare-tipped dart closely misses you.
The searing ray hits the kobold brigand.
The kobold brigand is severely wounded.
You hear a shout!
The searing ray hits the kobold brigand.
The kobold brigand is almost dead.
You finish channelling your searing ray.
The kobold brigand throws a curare-tipped dart.
The curare-tipped dart hits you.
You are poisoned.
You have difficulty breathing.
You feel yourself slow down.
You feel extremely sick.
You feel very sick.
The kobold brigand throws a curare-tipped dart.
The curare-tipped dart misses you.
The kobold brigand throws a curare-tipped dart.
The curare-tipped dart barely misses you.
You feel very sick.
The kobold brigand throws a curare-tipped dart.
The curare-tipped dart hits you.
You are lethally poisoned!
You have difficulty breathing.
You die...

#######.≈.≈..≈≈..#
##)######### #≈#
#K# #≈# #K# #≈#
#≈# #@# #≈# #≈#
#≈# #≈# #≈# #≈#
#≈# #≈#


You could see 2 kobold brigands.

Vanquished Creatures
  3 adders
  A river rat (D:3)
  A worm (D:3)
  A dart slug (D:3)
  2 ball pythons
  4 bats
  3 endoplasms (D:1)
  6 giant cockroaches
  4 goblins
  3 hobgoblins
  3 jackals
  7 kobolds
  A quokka (D:2)
  2 frilled lizards
  8 rats
49 creatures vanquished.

Notes
Turn   | Place    | Note
-------+----------+-------------------------------------------
     0 | D:1      | Colgate the Demonspawn Conjurer began the quest for the
                  | Orb.
     0 | D:1      | Reached XP level 1. HP: 13/13 MP: 3/3
   228 | D:1      | Gained mutation: Your demonic aura sometimes causes spilled
                  | blood to erupt in flames. [demonic ancestry]
   228 | D:1      | Reached XP level 2. HP: 19/19 MP: 1/5
   231 | D:1      | Learned a level 2 spell: Searing Ray
   629 | D:1      | Found a faded altar of an unknown god.
  1448 | D:2      | Found Baoq's Book Boutique.
  1465 | D:2      | Reached skill level 5 in Conjurations
  1465 | D:2      | Discovered your monstrous ancestry.
  1465 | D:2      | Gained mutation: You have a pair of small antennae on your
                  | head. [demonic ancestry]
  1465 | D:2      | Reached XP level 3. HP: 24/24 MP: 1/6
  1817 | D:2      | Found Reynes's Antique Weapon Shoppe.
  1856 | D:2      | Found a shimmering blue altar of Sif Muna.
  1895 | D:2      | Became a worshipper of Sif Muna the Loreminder
  2939 | D:3      | Gained mutation: You have large cloven feet. [demonic
                  | ancestry]
  2939 | D:3      | Reached XP level 4. HP: 30/30 MP: 2/7
  2946 | D:3      | Learned a level 4 spell: Fulminant Prism
  3031 | D:3      | Found a glowing drain.
  3035 | Sewer    | Entered a sewer
  3233 | Sewer    | Noticed a kobold brigand
  3410 | Sewer    | Reached * piety under Sif Muna
  3432 | Sewer    | Noticed a kobold brigand
  3857 | Sewer    | Asphyxiated

Illustrated notes

Levels and vault maps discovered:
D:1:      mrwooster_arrival_statue_2, layout_loops_ring,
          shapermc_ecumenical_altar_totnotflames
D:2:      layout_loops_corners, serial_shops, shop, shop, basic_altar,
          kennysheep_generic_room_5
D:3:      layout_basic, gup_sewer_entry_spiral, minmay_lizard_king
Sewer:    sewer_kobolds

Skill      XL: |  1  2 |
---------------+-------+-----
Conjurations   | 5 |  5.8
Dodging        | |  1.7
Stealth        | |  1.7
Spellcasting   | |  2.0

Action                   |  1- 3 |  4- 6 || total
-------------------------+-------+-------++-------
Melee: Hand axe          |     2 |     5 ||     7
       Kick              |       |     2 ||     2
 Cast: Magic Dart        |    30 |       ||    30
       Searing Ray       |    20 |    11 ||    31
  Use: Scroll            |     8 |       ||     8
 Stab: Sleeping          |       |     1 ||     1
Armor: Robe              |     1 |     1 ||     2
Dodge: Dodged            |     9 |    14 ||    23
